Map: Iron Fortress LE (Void)

Players

BonesMcCoy (Bones)

  • Race: Protoss Protoss

Neuro - Winner!

  • Race: Zerg Zerg

VOD

http://www.twitch.tv/neurostarcraft/v/3984988

Description

Time

  • Played on: April 3, 2015, 7:27 p.m.
  • Length: 7:02
Show
View Real Time Build Order
Export as new Build Order

BonesMcCoy Protoss 

Build Orders: 1 Gate Expand, Robo Opening 

Get SALT Encoding   

  12  0:01  Probe  
  13  0:14  Pylon  
  13  0:17  Probe  
  14  0:32  Probe (Chrono Boost)  
  15  0:37  Gateway  
  15  0:42  Probe (Chrono Boost)  
  16  0:49  Probe  
  17  1:01  Probe  
  18  1:14  Nexus  
  18  1:16  Probe (Chrono Boost)  
  20  1:26  Probe (Chrono Boost)  
  20  1:32  Pylon  
  20  1:34  Probe (Chrono Boost)  
  20  1:36  Assimilator  
  20  1:38  Assimilator  
  21  1:46  Probe (Chrono Boost)  
  22  1:50  Zealot  
  25  1:54  Probe (Chrono Boost)  
  25  2:05  Cybernetics Core, Probe (Chrono Boost)  
  26  2:17  Probe (Chrono Boost)  
  27  2:25  Probe (Chrono Boost)  
  27  2:27  Probe (Chrono Boost)  
  29  2:35  Probe (Chrono Boost)  
  30  2:38  Probe (Chrono Boost)  
  30  2:44  Robotics Facility  
  31  2:51  Mothership Core (Chrono Boost)  
  34  2:53  Probe (Chrono Boost)  
  34  2:59  Warp Gate (Chrono Boost)  
  34  3:00  Probe (Chrono Boost)  
  34  3:01  Adept  
  38  3:05  Probe (Chrono Boost)  
  38  3:11  Probe (Chrono Boost), Pylon  
  39  3:18  Probe (Chrono Boost), Assimilator  
  39  3:19  Assimilator  
  40  3:22  Probe (Chrono Boost)  
  40  3:25  Probe (Chrono Boost)  
  42  3:28  Probe (Chrono Boost)  
  43  3:34  Observer  
  43  3:38  Probe (Chrono Boost)  
  43  3:40  Probe (Chrono Boost)  
  46  3:46  Gateway  
  46  3:48  Gateway, Probe x2 (Chrono Boost)  
  48  3:52  Pylon  
  48  3:58  Probe  
  48  3:59  Probe  
  50  4:10  Probe  
  50  4:11  Probe  
  50  4:14  Warp Prism (Chrono Boost)  
  52  4:23  Robotics Bay  
  52  4:26  Forge  
  52  4:28  Pylon  
  52  4:32  Probe x2  
  52  4:35  Pylon  
  54  4:39  Pylon  
  54  4:43  Pylon  
  54  4:44  Probe  
  54  4:45  Probe  
  56  4:56  Probe  
  56  4:57  Probe  
  58  5:01  Protoss Ground Weapons Level 1 (Chrono Boost)  
  58  5:06  Photon Cannon  
  58  5:08  Zealot x3  
  58  5:11  Disruptor (Chrono Boost)  
  58  5:13  Disruptor  
  68  5:14  Twilight Council  
  68  5:15  Pylon  
  68  5:22  Nexus  
  68  5:24  Probe  
  68  5:26  Probe  
  68  5:28  Gravitic Drive (Chrono Boost)  
  70  5:33  Sentry  
  70  5:34  Sentry x2  
  76  5:52  Disruptor  
  74  5:59  Disruptor (Chrono Boost)  
  74  6:01  Zealot x2  
  74  6:02  Zealot  
  76  6:06  Pylon  
  76  6:10  Gateway x2  
  76  6:11  Gateway  
  72  6:16  Photon Cannon  
  72  6:18  Photon Cannon  
  70  6:19  Disruptor  
  70  6:22  Sentry  
  70  6:23  Pylon  
  70  6:25  Dark Shrine  
  70  6:34  Zealot  
  70  6:36  Pylon  
  66  6:48  Pylon  
  66  6:53  Zealot  
  62  6:59  Robotics Facility  
Show
View Real Time Build Order
Export as new Build Order

Neuro Zerg - Winner!

Build Orders: Hatch First, Roach Nydus 

Get SALT Encoding   

  12  0:01  Drone  
  13  0:13  Overlord  
  13  0:18  Drone  
  14  0:32  Drone x2  
  16  0:37  Drone  
  17  0:53  Hatchery  
  17  0:56  Drone  
  17  1:05  Drone  
  18  1:12  Spawning Pool  
  18  1:14  Drone  
  18  1:20  Drone  
  19  1:30  Drone  
  20  1:41  Drone  
  21  1:57  Overlord  
  21  2:04  Queen  
  21  2:06  Queen  
  21  2:08  Drone x2  
  27  2:13  Drone  
  28  2:19  Drone  
  29  2:28  Drone x2  
  31  2:36  Overlord  
  31  2:39  Drone  
  31  2:40  Queen  
  31  2:42  Queen  
  36  2:48  Drone, Extractor  
  36  2:49  Drone, Extractor  
  36  2:57  Overlord  
  36  2:59  Drone  
  37  3:06  Drone  
  37  3:08  Roach Warren, Extractor x2  
  36  3:12  Drone  
  36  3:13  Drone x4  
  36  3:14  Drone  
  36  3:15  Drone x3  
  44  3:20  Drone  
  44  3:26  Overlord  
  45  3:35  Lair  
  45  3:36  Drone x2  
  45  3:40  Queen  
  49  3:42  Drone  
  49  3:44  Drone  
  51  3:49  Drone x3  
  53  4:22  Drone x2  
  53  4:23  Drone  
  56  4:27  Overlord x5  
  56  4:31  Drone x2  
  58  4:39  Hydralisk Den  
  58  4:40  Nydus Network  
  58  4:42  Glial Reconstitution  
  56  4:49  Roach x7  
  70  5:02  Queen  
  72  5:10  Muscular Augments  
  72  5:12  Ravager  
  72  5:13  Ravager  
  74  5:14  Hydralisk x3  
  74  5:15  Hydralisk  
  74  5:20  Hydralisk  
  84  5:22  Zergling x8  
  84  5:27  Nydus Canal  
  88  5:33  Overlord x2  
  88  5:36  Hydralisk  
  76  6:05  Hydralisk x7  
  76  6:08  Queen x2  
  93  6:22  Roach x5  
  90  6:38  Ravager x2  
Tags
 
Add a new tag
Caveats
  • Supply blocks, unpowered buildings, or Contaminate may cause inaccurate times.
  • Supply counts are checked every 10 seconds.